 Dungeon Crawl Stone Soup version 0.31-a0-236-g9a0961fb85 (webtiles) character file.

Game seed: 6539153622137438648

1646 qw the Skirmisher (level 8, 0/49 HPs)
             Began as a Gargoyle Hexslinger on July 9, 2023.
             Was a Believer of Okawaru.
             Killed from afar by an orc wizard (12 damage)
             ... with a puff of flame
             ... on level 6 of the Dungeon.
             The game lasted 00:02:04 (4182 turns).

qw the Skirmisher (Gargoyle Hexslinger)             Turns: 4182, Time: 00:02:04

Health: 0/49       AC: 14    Str: 12    XL:     8   Next: 99%
Magic:  10/11      EV: 15    Int: 14    God:    Okawaru [**....]
Gold:   762        SH:  0    Dex: 20    Spells: 8/9 levels left

rFire   . . .        Y - +6 sling
rCold   . . .        (no shield)
rNeg    + . .        f - +0 ring mail
rPois   inf          (no helmet)
rElec   +            m - +0 cloak
rCorr   .            h - +0 pair of gloves
SInv    .            (no boots)
Will    .....        (no amulet)
Stlth   +            k - +6 ring of dexterity
HPRegen 0.28/turn    (no ring)
MPRegen 0.12/turn

%: no passive effects
@: confused, heroic
A: sickness immunity, AC +5, negative energy resistance 1, electricity
resistance, torment resistance 1, petrification resistance
a: Renounce Religion, Heroism


You were on level 6 of the Dungeon.
You worshipped Okawaru.
Okawaru was pleased with you.
You visited 2 branches of the dungeon, and saw 7 of its levels.

You collected 762 gold pieces.


Innate Abilities, Weirdness & Mutations

You are immune to sickness and miasma.
Your stone body is resilient. (AC +5)
You are immune to poison.
You resist negative energy. (rN+)
You are resistant to electric shocks. (rElec)
You are resistant to unholy torment.
You are immune to petrification.


   Skills:
 - Level 5.1(10.1) Fighting
 + Level 8.8(13.8) Ranged Weapons
 - Level 2.1(7.1) Armour
 - Level 2.3(7.3) Dodging
 - Level 1.0 Spellcasting
 - Level 2.6 Hexes
 - Level 4.1 Invocations


You had 8 spell levels left.
You knew the following spells:

 Your Spells              Type           Power      Damage    Failure   Level
a - Slow                  Hex            32%        N/A       17%         1

Your spell library contained the following spells:

 Spells                   Type           Power      Damage    Failure   Level
 Inner Flame              Hex/Fire       4%         N/A       65%         3
 Portal Projectile        Hex/Tloc       8%         N/A       65%         3
 Cause Fear               Hex            4%         N/A       86%         4

Inventory:

Hand Weapons
 Y - a +6 sling (weapon)
Armour
 f - a +0 ring mail (worn)
 h - a +0 pair of gloves (worn)
 m - a +0 cloak (worn)
Jewellery
 b - a ring of ice
 k - a +6 ring of dexterity (left hand)
Wands
 c - a wand of digging (6)
Scrolls
 j - a scroll of identify
Potions
 a - 2 potions of curing
 d - a potion of enlightenment
 e - a potion of haste
 g - a potion of berserk rage {unknown}
 i - a potion of might {unknown}

Dungeon Overview and Level Annotations

Branches:
Dungeon (6/15)             Temple (1/1) D:4

Altars:
Ashenzari
Cheibriados
Dithmenos
Elyvilon
Fedhas
Gozag
Hepliaklqana
Kikubaaqudgha
Makhleb
Nemelex Xobeh
Okawaru
Qazlal
Ru
Sif Muna
Trog
Uskayaw
Vehumet
Xom
Yredelemnul
Zin
The Shining One

Annotations:
D:2 1 runed translucent door, Crazy Yiuf


Message History

The troll claws you but does no damage.
You shoot a sling bullet. The sling bullet hits the troll.
The troll is severely wounded.
The troll bites you. The troll closely misses you. The troll claws you!
The orc wizard misses you.
You shoot a sling bullet. The sling bullet hits the troll!
The troll is almost dead.
The troll bites you but does no damage. The troll closely misses you.
The troll misses you.
The orc wizard gestures at you while chanting.
The puff of flame hits you but does no damage.
You shoot a sling bullet.
The sling bullet barely misses the troll.
The ufetubus barely misses you. The ufetubus closely misses you.
You shoot a sling bullet. The sling bullet hits the troll.
You kill the troll!
Okawaru is honoured by your kill.
The troll leather armour is intact enough to wear.
The orc wizard closely misses you. The ufetubus closely misses you. x2
You shoot a sling bullet. The sling bullet hits the orc wizard!
The orc wizard is severely wounded.
The ufetubus hits you but does no damage. x2
The orc wizard casts a spell.
The orc wizard flickers and vanishes!
Deactivating autopickup; reactivate with Ctrl-A.
You shoot a sling bullet. The sling bullet hits the ufetubus!
You kill the ufetubus!
Okawaru accepts your kill.
You hear some strange, mumbled words.
You are confused.
You shoot a sling bullet. Something hits you but does no damage.
You shoot a sling bullet. Something hits you but does no damage.
You shoot a sling bullet. You shoot a sling bullet.
You hear some strange, mumbled words.
A puff of flame appears from out of thin air!
The puff of flame hits you!
You die...

.)..)###.........#
###.## #..##..##.#
#.# #..##..##.#
#.# #..##..##.#
..# #..##..##.#
### #..##..##.#
#..##.....#
#..###.#..# #.#[@#
<.....{.#
.###.#.## #.#. #
#. #. #. #.


There were no monsters in sight!

Vanquished Creatures
  A troll (D:6)
  Menkaure (D:4)
  A water moccasin (D:4)
  2 sky beasts (D:6)
  2 ice beasts
  An ogre (D:4)
  A kobold brigand (D:4)
  A gnoll sergeant (D:6)
  3 scorpions
  An orc priest (D:6)
  3 hounds
  A jelly (D:6)
  An iguana (D:4)
  A sleepcap (D:4)
  An orc wizard (D:5)
  6 gnolls
  7 adders
  An ufetubus (D:6)
  2 worms
  5 dart slugs
  10 orcs
  5 endoplasms
  5 giant cockroaches
  8 goblins
  8 hobgoblins
  14 kobolds
  4 quokkas
  4 ball pythons
  4 bats
  3 rats
107 creatures vanquished.

Notes
Turn   | Place    | Note
-------+----------+-------------------------------------------
     0 | D:1      | qw the Gargoyle Hexslinger began the quest for the Orb.
     0 | D:1      | Reached XP level 1. HP: 12/12 MP: 2/2
     0 | D:1      | 0 ||| qw: Version: 0.3-a-51-g015441d
     0 | D:1      | 0 ||| qw: Game counter: 4456
     0 | D:1      | 0 ||| qw: Melee chars always use a shield: true
     0 | D:1      | 0 ||| qw: God list: Okawaru
     0 | D:1      | 0 ||| qw: Allow faded altars: false
     0 | D:1      | 0 ||| qw: Do Orc after clearing Dungeon:15 true
     0 | D:1      | 0 ||| qw: Do second Lair branch before Depths: true
     0 | D:1      | 0 ||| qw: Lair rune preference: random
     0 | D:1      | 0 ||| qw: Goals: Normal
     0 | D:1      | 0 ||| PLANNING D:1-11
   177 | D:1      | Reached XP level 2. HP: 16/16 MP: 3/3
   278 | D:1      | Reached skill level 3 in Ranged Weapons
   783 | D:1      | Reached XP level 3. HP: 18/21 MP: 4/4
   802 | D:1      | 802 ||| UPGRADING to +0 ring mail.
   812 | D:1      | 812 ||| DROPPING +0 robe.
   813 | D:1      | 813 ||| DROPPING ring of wizardry.
   814 | D:1      | 814 ||| READING scroll labelled ERIQIB NAGYA.
   815 | D:1      | 815 ||| DROPPING scroll of poison.
   876 | D:2      | 876 ||| STAIRDANCE
   977 | D:2      | Reached XP level 4. HP: 19/26 MP: 5/5
   993 | D:2      | 993 ||| FLEEEEING.
   994 | D:2      | 994 ||| FLEEEEING.
   996 | D:2      | 996 ||| FLEEEEING.
  1004 | D:2      | Reached skill level 4 in Ranged Weapons
  1180 | D:2      | Found a runed translucent door.
  1181 | D:2      | Noticed Crazy Yiuf
  1390 | D:2      | 1390 ||| UPGRADING to amulet of guardian spirit.
  1395 | D:2      | 1395 ||| READING scroll labelled VOR UR MIDAMN.
  1396 | D:2      | 1396 ||| READING scroll labelled AZUUNW MI VUILL.
  1397 | D:2      | 1397 ||| READING scroll labelled BONTEHE NAHUUD.
  1412 | D:2      | 1412 ||| DRINKING 2 bubbling silvery potions.
  1441 | D:2      | 1441 ||| DROPPING potion of lignification.
  1467 | D:3      | Reached skill level 1 in Armour
  1698 | D:3      | Found a basalt altar of Yredelemnul.
  1810 | D:3      | 1810 ||| UPGRADING to +0 pair of gloves.
  1815 | D:3      | 1815 ||| READING scroll labelled NEFIRI RUUK.
  1816 | D:3      | 1816 ||| READING scroll labelled MOHODAXIUPS.
  1817 | D:3      | 1817 ||| DRINKING 3 yellow potions.
  1818 | D:3      | 1818 ||| DRINKING 2 blue potions.
  1861 | D:4      | Found a staircase to the Ecumenical Temple.
  1862 | D:4      | 1862 ||| PLANNING TEMPLE
  1862 | D:4      | 1862 ||| SWAPPING to +4 sling.
  1865 | D:4      | 1865 ||| DROPPING +2 sling.
  1871 | Temple   | Entered the Ecumenical Temple
  1901 | Temple   | 1901 ||| PLANNING OKAWARU WORSHIP
  2022 | Temple   | Became a worshipper of Warmaster Okawaru
  2023 | Temple   | 2023 ||| PLANNING D:1-11
  2023 | Temple   | 2023 ||| REMOVING amulet of guardian spirit.
  2028 | Temple   | 2028 ||| DROPPING amulet of guardian spirit.
  2066 | D:4      | Noticed a scorpion
  2077 | D:4      | Killed a scorpion
  2078 | D:4      | Reached skill level 5 in Ranged Weapons
  2078 | D:4      | Reached XP level 5. HP: 27/30 MP: 6/6
  2206 | D:4      | Noticed an ogre
  2216 | D:4      | Killed an ogre
  2216 | D:4      | Reached * piety under Okawaru
  2217 | D:4      | Reached skill level 3 in Fighting
  2217 | D:4      | Reached XP level 6. HP: 18/38 MP: 7/7
  2244 | D:4      | 2244 ||| FLEEEEING.
  2245 | D:4      | 2245 ||| FLEEEEING.
  2246 | D:4      | 2246 ||| FLEEEEING.
  2247 | D:4      | 2247 ||| FLEEEEING.
  2248 | D:4      | 2248 ||| FLEEEEING.
  2255 | D:4      | 2255 ||| FLEEEEING.
  2263 | D:4      | 2263 ||| FLEEEEING.
  2264 | D:4      | 2264 ||| FLEEEEING.
  2269 | D:4      | 2269 ||| STAIRDANCE
  2345 | D:4      | 2345 ||| READING scroll of enchant weapon.
  2345 | D:4      | 2345 ||| ENCHANTING +4 sling.
  2414 | D:4      | Reached skill level 1 in Invocations
  2463 | D:4      | Noticed Menkaure
  2464 | D:4      | 2464 ||| INVOKING Heroism.
  2471 | D:4      | Killed Menkaure
  2472 | D:4      | Reached XP level 7. HP: 36/42 MP: 5/9
  2649 | D:4      | Reached skill level 3 in Invocations
  2653 | D:4      | Reached skill level 6 in Ranged Weapons
  2687 | D:4      | 2687 ||| UPGRADING to +0 cloak.
  2692 | D:4      | 2692 ||| READING 3 scrolls labelled SOWNOFI AD RIOZA.
  2696 | D:4      | 2696 ||| READING scroll labelled REITTEETOSK.
  2703 | D:5      | Entered Level 5 of the Dungeon
  2721 | D:5      | 2721 ||| STAIRDANCE
  2723 | D:4      | 2723 ||| INVOKING Heroism.
  2730 | D:4      | Reached ** piety under Okawaru
  2909 | D:5      | Found a hazy altar of Hepliaklqana.
  2910 | D:5      | Found a sparkling altar of Nemelex Xobeh.
  2910 | D:5      | Found a stormy altar of Qazlal.
  2910 | D:5      | Found a glowing silver altar of Zin.
  2911 | D:5      | Found a sacrificial altar of Ru.
  2911 | D:5      | Found a white marble altar of Elyvilon.
  2912 | D:5      | Found a bloodstained altar of Trog.
  2912 | D:5      | Found an ancient bone altar of Kikubaaqudgha.
  2913 | D:5      | Found a burning altar of Makhleb.
  2914 | D:5      | Found a snail-covered altar of Cheibriados.
  2914 | D:5      | Found an opulent altar of Gozag.
  2970 | D:5      | 2970 ||| INVOKING Heroism.
  2972 | D:5      | HP: 5/43 [ice beast (14)]
  2973 | D:5      | 2973 ||| READING 2 scrolls of teleportation.
  2976 | D:5      | Reached skill level 7 in Ranged Weapons
  2976 | D:5      | Reached XP level 8. HP: 6/48 MP: 8/11
  3157 | D:5      | 3157 ||| READING scroll of enchant weapon.
  3157 | D:5      | 3157 ||| ENCHANTING +5 sling.
  3301 | D:5      | Found a blossoming altar of Fedhas.
  3448 | D:5      | 3448 ||| INVOKING Heroism.
  3450 | D:5      | HP: 12/48 [gnoll/+0 morningstar (9)]
  3451 | D:5      | 3451 ||| READING scroll of teleportation.
  3452 | D:5      | 3452 ||| Stepping ~*~*~tactically~*~*~ (outnumbered).
  3474 | D:5      | 3474 ||| FLEEEEING.
  3482 | D:5      | 3482 ||| STAIRDANCE
  3579 | D:4      | 3579 ||| UPGRADING to +6 ring of dexterity.
  3580 | D:4      | 3580 ||| READING 2 scrolls of identify.
  3580 | D:4      | 3580 ||| IDENTIFYING glowing puce potion
  3865 | D:6      | 3865 ||| INVOKING Heroism.
  3865 | D:6      | HP: 10/48 [ice beast (11)]
  4036 | D:6      | 4036 ||| INVOKING Heroism.
  4040 | D:6      | Reached skill level 8 in Ranged Weapons
  4072 | D:6      | 4072 ||| Stepping ~*~*~tactically~*~*~ (outnumbered).
  4074 | D:6      | 4074 ||| Stepping ~*~*~tactically~*~*~ (outnumbered).
  4081 | D:6      | 4081 ||| INVOKING Heroism.
  4163 | D:6      | Noticed a troll
  4165 | D:6      | 4165 ||| INVOKING Heroism.
  4173 | D:6      | HP: 10/49 [troll (7)]
  4176 | D:6      | Killed a troll
  4182 | D:6      | Killed from afar by an orc wizard

Levels and vault maps discovered:
D:1:      spicycebolla_green_bress_n_ham_2, layout_basic
D:2:      layout_rooms, uniq_crazy_yiuf_cottage
D:3:      layout_basic, mainiacjoe_overflow_alcove_2, serial_bayou_pond_d,
          serial_bayou_ford_a
D:4:      minmay_polygon_palace, layout_rooms, minmay_temple_entry_fiery,
          uniq_menkaure
D:5:      layout_gridville, mainiacjoe_overflow_paths,
          nicolae_overflows_in_rows, grunt_decor_junction
D:6:      old_forge, layout_loops_ring, nicolae_wu_jian_wuxing_cycle
Temple:   nicolae_temple_bog_church

Skill      XL: |  1  2  3  4  5  6  7  8 |
---------------+-------------------------+-----
Ranged Weapons | 3 5 7 8 |  8.8
Fighting       | 2 3 4 5 |  5.1
Armour         | 1 2 |  2.1
Invocations    | 2 4 |  4.1
Dodging        | 2 |  2.3
Spellcasting   | |  1.0
Hexes          | |  2.6

Action                     |  1- 3 |  4- 6 |  7- 9 || total
---------------------------+-------+-------+-------++-------
   Fire: Sling             |   109 |   155 |   204 ||   468
 Invoke: Heroism           |       |     1 |     7 ||     8
    Use: Scroll            |     1 |     6 |     6 ||    13
         Potion            |       |     3 |       ||     3
 Armour: Robe              |     2 |       |       ||     2
         Ring mail         |    38 |    41 |    83 ||   162
  Dodge: Dodged            |    60 |    38 |    86 ||   184

Table legend:
 A = Non-vault XP
 B = Vault XP
 C = Vault XP percentage of total XP
 D = Non-vault monster count
 E = Vault monster count
 F = Vault count percentage of total count
                 A         B        C        D         E       F
            +---------+---------+-------+---------+---------+-------
      Total |    1894 |     458 |  19.5 |      89 |      18 |  16.8
            +---------+---------+-------+---------+---------+-------
        D:1 |      51 |       0 |   0.0 |      21 |       0 |   0.0
        D:2 |      59 |       0 |   0.0 |      12 |       0 |   0.0
        D:3 |      28 |       0 |   0.0 |       8 |       0 |   0.0
        D:4 |     437 |     458 |  51.2 |      15 |      18 |  54.5
        D:5 |     355 |       0 |   0.0 |      19 |       0 |   0.0
        D:6 |     964 |       0 |   0.0 |      14 |       0 |   0.0
            +---------+---------+-------+---------+---------+-------
